 Dungeon Crawl Stone Soup version 0.29-a0-322-g68df515428 (webtiles) character file.

Game seed: 5944380834656907986

65 croobank the Sneak (level 3, 0/17 HPs)
             Began as a Felid Delver on Apr 7, 2022.
             Slain by a kobold
             ... wielding a +0 antimagic dagger
              (3 damage)
             ... on level 2 of the Dungeon.
             The game lasted 00:06:21 (2213 turns).

croobank the Sneak (Felid Delver)                   Turns: 2213, Time: 00:06:22

Health: 0/17       AC:  1    Str: 10    XL:     3   Next: 92%
Magic:  4/4        EV: 18    Int: 11    God:
Gold:   143        SH:  0    Dex: 17    Spells: 2/2 levels left
                                        Lives:  0   Deaths: 0

rFire   + . .      SeeInvis +     - Unarmed
rCold   . . .      Faith    .   (shield unavailable)
rNeg    . . .      Spirit   .   (body armour unavailable)
rPois   .          Reflect  .   (helmet unavailable)
rElec   .          Harm     .   (cloak unavailable)
rCorr   .          Rampage  .   (gloves unavailable)
Will    .....                   (boots unavailable)
Stlth   ++++......              (no amulet)
HPRegen 0.05/turn               g - ring of protection from fire
MPRegen 0.09/turn               (no ring)

@: hasted, very quick
A: very small, claws 1, fangs 3, see invisible, speed 1, shaggy fur 1, stealthy
paws, no weapons or thrown items, no armour, multi-lived
a: no special abilities


You were on level 2 of the Dungeon.
You visited 1 branch of the dungeon, and saw 5 of its levels.

You collected 143 gold pieces.

Inventory:

Jewellery
 g - a ring of protection from fire (left paw)
Wands
 e - a wand of digging (3)
Scrolls
 a - 2 scrolls of fog
Potions
 b - a potion of resistance {unknown}
 c - 2 potions of degeneration {unknown}
 f - a potion of invisibility {unknown}
 h - 3 potions of might
 i - a potion of curing {unknown}
 j - 2 potions of heal wounds {unknown}
 n - a potion of magic {unknown}


   Skills:
 + Level 3.5 Fighting
 + Level 3.7 Dodging
 + Level 7.1 Stealth
 + Level 2.7 Unarmed Combat


You had 2 spell levels left.
You didn't know any spells.
Your spell library was empty.

Dungeon Overview and Level Annotations

Branches:
Dungeon (5/15)
 Temple: D:4-7

Altars:
Xom

Shops:
D:1 !

Portals:
Ossuary: D:5

Annotations:
D:2 Natasha, Robin


Innate Abilities, Weirdness & Mutations

You have sharp claws.
You have razor-sharp teeth.
You have supernaturally acute eyesight. (SInv)
You cover ground quickly. (Speed+)
You are covered in fur. (AC +1)
Your paws help you pounce on unaware monsters.
You are incapable of wielding weapons or throwing items.
You cannot wear armour.
You gain extra lives every three experience levels.


Message History

You barely miss the hobgoblin.
The hobgoblin is almost dead.
The goblin no longer looks unusually strong.
The hobgoblin closely misses you.
You scratch the hobgoblin.
You kill the hobgoblin!
You closely miss the goblin. You bite the goblin.
You kill the goblin!
Things that are here:
a +0 club; a goblin corpse; a hobgoblin corpse You start resting.
Something hits the plant.
The plant begins to die.
You start resting.
A goblin is nearby!
The goblin hits you with a +0 dagger.
Things that are here:
a +0 club; a goblin corpse; a hobgoblin corpse You scratch the goblin.
The goblin is heavily wounded.
The goblin hits you with a +0 dagger.
You closely miss the goblin.
The goblin is heavily wounded.
You scratch the goblin.
You kill the goblin!
A nearby plant withers and dies.
The goblin barely misses you.
You barely miss the hobgoblin. The goblin hits you with a +0 dagger.
* * * LOW HITPOINT WARNING * * *
The hobgoblin completely misses you.
The hobgoblin shouts!
You hear a shout!
The kobold shouts!
You hear an angry hiss.
The kobold throws a stone.
The stone hits you.
* * * LOW HITPOINT WARNING * * *
Natasha wildly gestures.
Natasha's front paws start to glow.
The kobold misses you. The goblin closely misses you.
You feel yourself speed up.
Natasha stares at you and mumbles some strange words.
You resist with some effort.
The kobold hits you with a +0 antimagic dagger.
You die...

##.####### #.. ..# #.# #.# #.#
#.# ######## #.#####.# #.#
#......#####.##..... #.#
#.####.#............ # ... #.#
#.#.........#.# #....
#####h####.#.........#.# #...
#.).g...KP..P..#.....#.#
###.######)###gg@.≈♣....P....>..#
.....>.......♣g.g.♣≈≈...P....####
###.#######...gg♣≈≈≈≈♣.P.....# #
##'# #...g♣g≈≈≈≈≈..♣.###... .
#...# #....♣≈≈♣≈♣..P#.#######
.....# #.#...≈≈≈≈...##..####
...g..# #.##...P♣...####.#..# #
...ggg.##g#......######.....####
....gg.'gg.....................'


You could see Robin, Natasha, 4 hobgoblins, 4 goblins and a kobold.

Vanquished Creatures
  Jessica (D:2)
  2 bats (D:2)
  An endoplasm (D:1)
  A giant cockroach (D:1)
  5 goblins
  9 hobgoblins
  4 quokkas
  A ball python (D:1)
  6 frilled lizards (D:1)
  2 kobolds
  2 rats
34 creatures vanquished.

Vanquished Creatures (others)
  8 plants (D:2)
8 creatures vanquished.

Grand Total: 42 creatures vanquished

Notes
Turn   | Place    | Note
-------+----------+-------------------------------------------
     0 | D:5      | croobank the Felid Delver began the quest for the Orb.
     0 | D:5      | Reached XP level 1. HP: 10/10 MP: 2/2
    21 | D:5      | Found a sand-covered staircase.
   215 | D:4      | Noticed a hound
   331 | D:2      | Noticed Natasha
   411 | D:1      | Found Sicaxoosm's Distillery.
   664 | D:1      | Reached XP level 2. HP: 14/14 MP: 3/3
  1498 | D:2      | Found a shimmering altar of Xom.
  1536 | D:2      | Reached XP level 3. HP: 17/17 MP: 4/4
  2088 | D:2      | Noticed Jessica
  2094 | D:2      | Killed Jessica
  2095 | D:2      | Reached skill level 7 in Stealth
  2174 | D:2      | Noticed Robin
  2213 | D:2      | Slain by a kobold

Illustrated notes

Levels and vault maps discovered:
D:1:      lemuel_arrival_funnel, layout_loops_ring, serial_shops, shop,
          minmay_pentomino_w2
D:2:      layout_loops_corners, basic_altar, serial_bayou_pond_a,
          kennysheep_jessica_study, uniq_robin, uniq_natasha
D:3:      minmay_door_path, layout_basic, led_sif_book
D:4:      layout_loops_ring, uniq_duvessa
D:5:      layout_basic, enter_ossuary_1, eino_tiny_chamber

Skill      XL: |  1  2  3 |
---------------+----------+-----
Dodging        | 3 |  3.7
Stealth        | 7 |  7.1
Fighting       | |  3.5
Unarmed Combat | |  2.7

Action                   || total
-------------------------++-------
Melee: Unarmed           ||    72
       Bite              ||     5
       Punch             ||     1
  Use: Scroll            ||     7
       Potion            ||     1
 Stab: Sleeping          ||    14
       Distracted        ||     1
Armor: Skin              ||     2
Dodge: Dodged            ||    44

Table legend: (Time is in decaauts)
 A = Elapsed time spent in this place.
 B = Non-inter-level travel time spent in this place.
 C = Inter-level travel time spent in this place.
 D = Time resting spent in this place.
 E = Time spent auto-exploring this place.
 F = Levels seen in this place.
 G = Mean time per level.
                   A        B        C        D        E       F      G
               +--------+--------+--------+--------+--------+-----+--------+
         Total |   1930 |   1930 |      0 |    651 |    857 |   5 |  386.0 |
       Dungeon |   1930 |   1930 |      0 |    651 |    857 |   5 |  386.0 |
               +--------+--------+--------+--------+--------+-----+--------+

Top non-repeatable levels by time:
     D:1: 930 daAuts
     D:2: 711 daAuts
     D:4: 222 daAuts
     D:5: 33 daAuts
     D:3: 31 daAuts
